 Dungeon Crawl Stone Soup version 0.28-a0-1510-gd0f6b136d3 (webtiles) character file.

Game seed: 534748179903927105

67 a3don the Shield-Bearer (level 4, -3/42 HPs)
             Began as a Deep Dwarf Fighter on Jan 14, 2022.
             Killed by nerve-wracking pain
             ... invoked by Grinder
              (10 damage)
             ... on level 3 of the Dungeon.
             The game lasted 00:07:23 (1505 turns).

a3don the Shield-Bearer (Deep Dwarf Fighter)        Turns: 1505, Time: 00:07:23

Health: -3/42      AC:  7    Str: 21    XL:     4   Next: 0%
Magic:  5/5        EV:  9    Int:  9    God:
Gold:   113        SH:  4    Dex: 12    Spells: 4/4 levels left

rFire   . . .      SeeInvis .   a - +0 war axe
rCold   . . .      Faith    .   c - +0 buckler
rNeg    . . .      Spirit   .   t - +0 scale mail
rPois   .          Reflect  .   (no helmet)
rElec   .          Harm     .   (no cloak)
rCorr   .          Rampage  .   (no gloves)
Will    .....                   (no boots)
Stlth   ..........              (no amulet)
HPRegen 0.00/turn               q - ring of flight
MPRegen 0.09/turn               (no ring)

@: flying
A: damage resistance, heal wounds, sense surroundings 1, no regeneration
a: Heal Wounds


You were on level 3 of the Dungeon.
You visited 1 branch of the dungeon, and saw 3 of its levels.

You collected 113 gold pieces.

Inventory:

Hand Weapons
 a - a +0 war axe (weapon)
 b - a +0 hunting sling
 r - a +0 vampiric dagger
Missiles
 e - 2 poisoned darts
 h - 81 stones (quivered)
Armour
 c - a +0 buckler (worn)
 t - a +0 scale mail (worn)
Jewellery
 q - a ring of flight (left hand)
Wands
 n - a wand of iceblast (5)
Scrolls
 j - a scroll of fog {unknown}
 k - a scroll of teleportation {unknown}
Potions
 d - a potion of might
 f - a potion of brilliance {unknown}
 g - a potion of heal wounds {unknown}
 i - a potion of flight {unknown}
 l - a potion of cancellation {unknown}
 m - a potion of mutation {unknown}
 o - a potion of haste {unknown}
 p - a potion of degeneration {unknown}
 s - a potion of curing {unknown}


   Skills:
 + Level 3.0 Fighting
 * Level 3.2 Axes
 + Level 3.7 Armour
 + Level 3.7 Shields
 + Level 0.8 Spellcasting


You had 4 spell levels left.
You didn't know any spells.
Your spell library contained the following spells:

 Spells                   Type           Power      Damage    Failure   Level
 Ozocubu's Armour         Ice            0%         N/A       99%         3
 Ozocubu's Refrigeration  Ice            0%         4d5       100%        7


Dungeon Overview and Level Annotations

Branches:
Dungeon (3/15)

Altars:
Elyvilon
Trog
Xom

Annotations:
D:3 Grinder


Innate Abilities, Weirdness & Mutations

You are resistant to damage.
You can heal yourself by infusing magical energy.
You passively map a small area around you.
You do not regenerate.


Message History

Grinder hits you!
* * * LOW HITPOINT WARNING * * *
You hit Grinder but do no damage.
Grinder is moderately wounded.
Grinder hits you but does no damage. Grinder gestures at you.
Pain shoots through your body!
* * * LOW HITPOINT WARNING * * *
You feel much better. You block Grinder's attack.
You closely miss Grinder.
Grinder is moderately wounded.
You block Grinder's attack.
You hit Grinder but do no damage.
Grinder is moderately wounded.
Grinder hits you.
You writhe in agony.
Grinder hits you.
You writhe in agony.
You hit Grinder but do no damage.
Grinder is moderately wounded.
Grinder hits you!
You writhe in agony.
You hit Grinder but do no damage.
Grinder is moderately wounded.
Grinder barely misses you.
You completely miss Grinder.
Grinder is moderately wounded.
Grinder hits you but does no damage. x2
Okay, then.
Aiming: Iceblast
Press: ? - help, Shift-Dir - straight line, p - Grinder The mass of ice explodes!
Grinder hits you.
* * * LOW HITPOINT WARNING * * *
You writhe in agony.
* * * LOW HITPOINT WARNING * * *
You slash Grinder!
Grinder is severely wounded.
You block Grinder's attack.
You hit Grinder.
Grinder is almost dead.
Grinder hits you but does no damage. Grinder gestures at you.
Pain shoots through your body!
You die...

.....≈≈........#
##...≈≈...####.#
,**##.#≈≈##.# ,
,..###≈#..# ,
... #≈#..## * ##
*####...## ,*
##.......##
,#.........#,
##......@## ,
,.......5## ,*
........##
###.###⌠# *, ,*
## *≈. * , *._≈,
* * ^_.5 ,≈
≈(≈≈_ ⌠ * ##..(.


You could see Grinder.

Vanquished Creatures
  2 adders
  3 dart slugs
  8 ball pythons
  3 bats (D:1)
  3 endoplasms
  3 giant cockroaches
  5 goblins
  3 hobgoblins
  2 jackals (D:1)
  3 frilled lizards
  3 kobolds
  3 rats
41 creatures vanquished.

Vanquished Creatures (others)
  A fungus (D:3)
  3 toadstools (D:3)
4 creatures vanquished.

Grand Total: 45 creatures vanquished

Notes
Turn   | Place    | Note
-------+----------+-------------------------------------------
     0 | D:1      | a3don the Deep Dwarf Fighter began the quest for the Orb.
     0 | D:1      | Reached XP level 1. HP: 20/20 MP: 1/1
    50 | D:1      | Reached XP level 2. HP: 27/27 MP: 2/2
   652 | D:1      | Reached XP level 3. HP: 25/34 MP: 3/3
   816 | D:2      | Found a faded altar of an unknown god.
  1144 | D:2      | Found a white marble altar of Elyvilon.
  1235 | D:3      | Found a faded altar of an unknown god.
  1295 | D:3      | Found a bloodstained altar of Trog.
  1346 | D:3      | Reached XP level 4. HP: 26/42 MP: 3/5
  1478 | D:3      | Found a shimmering altar of Xom.
  1479 | D:3      | Found a shimmering altar of Xom.
  1482 | D:3      | Found a shimmering altar of Xom.
  1482 | D:3      | Noticed Grinder
  1496 | D:3      | HP: 2/42 [Grinder/nerve-wracking pain (4)]
  1505 | D:3      | Killed from afar by Grinder

Illustrated notes

Levels and vault maps discovered:
D:1:      mrwooster_arrival_statue_3, layout_basic
D:2:      layout_rooms, nicolae_ecumenical_lake_church, basic_altar,
          minivault_23
D:3:      layout_loops_ring, xom_redecorated, nicolae_overflow_ecumenical_swirl,
          chequers_serial_rivers_small_3, hex_medium, minmay_hedge_maze,
          minmay_gold_behind_fungi, grunt_ministairs_11,
          minmay_randomly_rotated_circles, uniq_grinder

Skill      XL: |  1  2  3 |
---------------+----------+-----
Fighting       | 3 |  3.0
Axes           | 3 |  3.2
Armour         | |  3.7
Shields        | |  3.7
Spellcasting   | |  0.8

Action                   |  1- 3 |  4- 6 || total
-------------------------+-------+-------++-------
Melee: War axe           |    92 |    13 ||   105
 Fire: Hunting sling     |       |     3 ||     3
Throw: Stone             |    17 |       ||    17
 Abil: Heal Wounds       |       |     1 ||     1
Evoke: Wand              |       |     1 ||     1
Armor: Scale mail        |    40 |     6 ||    46
Dodge: Dodged            |    34 |     2 ||    36
Block: Buckler           |    19 |     3 ||    22

Table legend: (Time is in decaauts)
 A = Elapsed time spent in this place.
 B = Non-inter-level travel time spent in this place.
 C = Inter-level travel time spent in this place.
 D = Time resting spent in this place.
 E = Time spent auto-exploring this place.
 F = Levels seen in this place.
 G = Mean time per level.
                   A        B        C        D        E       F      G
               +--------+--------+--------+--------+--------+-----+--------+
         Total |   1548 |   1513 |     35 |      0 |   1148 |   3 |  516.0 |
       Dungeon |   1548 |   1513 |     35 |      0 |   1148 |   3 |  516.0 |
               +--------+--------+--------+--------+--------+-----+--------+

Top non-repeatable levels by time:
     D:1: 786 daAuts
     D:2: 447 daAuts
     D:3: 314 daAuts
